 Dungeon Crawl Stone Soup version 0.20-a0-2-g2b0e13a (webtiles) character file.

29 yukitheduck the Scratcher (level 3, -1/13 HPs)
             Began as a Felid Transmuter on Oct 28, 2016.
             Was an Initiate of Hepliaklqana.
             Slain by Terence
             ... wielding a +0 mace
              (5 damage)
             ... on level 2 of the Dungeon.
             The game lasted 00:06:43 (1131 turns).

yukitheduck the Scratcher (Felid Transmuter)        Turns: 1131, Time: 00:06:45

Health: -1/13      AC:  1    Str:  7    XL:     3   Next: 1%
Magic:  7/7        EV: 18    Int: 14    God:    Hepliaklqana [......]
Gold:   103        SH:  3    Dex: 16    Spells: 1 memorised, 5 levels left
                                        Lives:  0   Deaths: 0

rFire  . . .     SeeInvis +       - Unarmed
rCold  . . .     Gourm    .     (armour unavailable)
rNeg   . . .     Faith    .     (shield unavailable)
rPois  .         Spirit   .     (helmet unavailable)
rElec  .         Reflect  +     (cloak unavailable)
rCorr  .         Harm     .     (gloves unavailable)
MR     .....                    (boots unavailable)
Stlth  ++........               d - +3 amulet of reflection
                                (no ring)
                                (no ring)

@: appendage (expiring), quick
A: no armour, no weapons or thrown items, stealth, reduced essence, claws 1,
fangs 3, horns 2, see invisible, carnivore 3, speed 1, shaggy fur 1, slow
metabolism 1, sharp paws
a: End Transformation, Recall Ancestor, Ancestor Identity, Renounce Religion


You were on level 2 of the Dungeon.
You worshipped Hepliaklqana.
Hepliaklqana was noncommittal.
You were completely stuffed.
You had grown temporary horns.
You visited 1 branch of the dungeon, and saw 2 of its levels.

You collected 103 gold pieces.

Inventory:

Missiles
 a - 12 arrows
Jewellery
 d - a +3 amulet of reflection (around neck)
 j - an uncursed ring of poison resistance {unknown}
Scrolls
 e - a scroll of immolation {unknown}
 f - 2 scrolls of identify {unknown}
 g - a scroll of magic mapping {unknown}
Potions
 h - a potion of berserk rage {unknown}
 i - a potion of haste {unknown}
 k - a potion of agility {unknown}
 m - a potion of mutation {unknown}
Books
 b - a book of Changes

   Spells                             Type                      Level
   a - Beastly Appendage              Transmutation                1
   b - Sticks to Snakes               Transmutation                2
   c - Spider Form                    Transmutation/Poison         3
   d - Ice Form                       Ice/Transmutation            4
   e - Blade Hands                    Transmutation                5
Comestibles
 c - 3 meat rations
 l - a beef jerky


   Skills:
 - Level 1.0 Fighting
 - Level 2.9 Dodging
 - Level 0.4 Stealth
 + Level 3.8 Unarmed Combat
 - Level 2.2 Spellcasting
 - Level 2.2 Transmutations


You had 5 spell levels left.
You knew the following spells:

 Your Spells              Type           Power        Failure   Level  Hunger
a - Beastly Appendage     Tmut           #.....       12%         1    #......


Dungeon Overview and Level Annotations

Branches:
Dungeon (2/15)

Altars:
Hepliaklqana

Annotations:
D:2 Terence


Innate Abilities, Weirdness & Mutations

You cannot wear armour.
You are incapable of wielding weapons or throwing items.
Your paws allow you to move quietly. (Stealth)
You have sharp claws.
You have razor-sharp teeth.
You have supernaturally acute eyesight. (SInv)
You are carnivorous and can eat meat at any time.
You cover ground quickly.
You are covered in fur. (AC +1)
You have a slow metabolism.
Your sharp claws are effective at attacking unaware monsters.
Your life essence is reduced. (-10% HP)
You have a pair of horns on your head.


Message History

Terence is moderately wounded.
You completely miss Terence. You headbutt Terence.
Terence is moderately wounded.
Your transformation is almost over.
Terence hits you with a mace!
Ouch! That really hurt!
Sosibius barely misses Terence.
You closely miss Terence.
Terence is moderately wounded.
Terence completely misses you.
You scratch Terence. You headbutt Terence.
Terence is heavily wounded.
Sosibius hits Terence.
Terence hits Sosibius with a mace.
You barely miss Terence.
Terence is heavily wounded.
Sosibius barely misses Terence.
You scratch Terence but do no damage.
Terence is heavily wounded.
Terence hits you with a mace.
You die...

#.....# #.....)..#
##...## ##......##
##.## #.#.##.# #.#
#.#.##.##. #.#
#.#.##.##. ##'##
#R#....##. ##...##
#.####.##. ##.....##
#......##. #!..R@..#
##.###[##.
#.....@...####...##.##.
+.........+........R...
#.........##........###
##<>.....###.##.##..#
##.....## #. #.....#
##...## # #.##.## ##+##
########### #..........


You could see the friendly Sosibius the ancestor and Terence.

Vanquished Creatures
  An ooze (D:1)
  A leopard gecko (D:1)
  A giant cockroach (D:1)
  5 goblins
  A hobgoblin (D:2)
  3 jackals (D:1)
  2 bats
  A frilled lizard (D:2)
  3 kobolds
  4 rats
22 creatures vanquished.

Notes
Turn   | Place    | Note
-------+----------+-------------------------------------------
     0 | D:1      | yukitheduck the Felid Transmuter began the quest for the Orb.
     0 | D:1      | Reached XP level 1. HP: 9/9 MP: 4/4
   181 | D:1      | Reached XP level 2. HP: 10/12 MP: 4/6
  1004 | D:2      | Found a hazy altar of Hepliaklqana.
  1012 | D:2      | Became a worshipper of Hepliaklqana the Forgotten
  1108 | D:2      | Reached XP level 3. HP: 11/13 MP: 7/7
  1119 | D:2      | Noticed Terence
  1131 | D:2      | Slain by Terence

Vault maps used:
D:1:      minmay_arrival_loop
D:2:      lemuel_coloured_pillars_altar, first_bread, uniq_terence, uniq_jessica

Action                   || total
-------------------------++-------
Melee: Unarmed           ||    61
       Headbutt          ||     8
       Bite              ||     5
 Cast: Beastly Appendage ||    16
 Stab: Sleeping          ||     2
  Eat: Chunk             ||     8
Dodge: Dodged            ||    35
Block: Other             ||     2
